 Seeded DCSS version 0.29-a0-997-gf6f7e2dfe7 (webtiles) character file.

Game seed: 20220805 (custom seed)

3350 purpskrrrp the Skirmisher (level 9, -11/68 HPs)
             Began as a Demonspawn Hunter on Aug 5, 2022.
             Was an Initiate of Gozag.
             Mangled by a two-headed ogre
             ... wielding a +0 giant club
              (15 damage)
             ... on level 7 of the Dungeon.
             The game lasted 00:34:58 (7277 turns).

purpskrrrp the Skirmisher (Demonspawn Hunter)       Turns: 7277, Time: 00:34:59

Health: -11/68     AC: 10    Str: 11    XL:     9   Next: 72%
Magic:  27/27      EV: 14    Int: 21    God:    Gozag
Gold:   381        SH:  0    Dex: 19    Spells: 6/8 levels left

rFire   . . .      SeeInvis .   B - +9 sling of Compulsion {speed, rC+ MP+9}
rCold   + . .      Faith    .   (no shield)
rNeg    + . .      Spirit   .   p - +2 robe {rN+}
rPois   .          Reflect  .   y - +0 helmet
rElec   .          Harm     .   l - scarf {+Inv}
rCorr   .          Rampage  .   r - +2 pair of gloves
Will    .....                   (no boots)
Stlth   +++.......              (no amulet)
HPRegen 0.21/turn               A - +6 ring of intelligence
MPRegen 0.20/turn               H - ring of magical power

@: gold aura
A: icy blue scales 1, powered by death 3, demonic touch 2, clever 1
a: Renounce Religion, Evoke Invisibility, Potion Petition, Call Merchant, Bribe
Branch


You were on level 7 of the Dungeon.
You worshipped Gozag.
Gozag was aware of your devotion.
You visited 2 branches of the dungeon, and saw 8 of its levels.

You collected 525 gold pieces.
You spent 75 gold pieces at shops.
You paid 69 gold pieces to Gozag.

Inventory:

Hand Weapons
 a - a +1 shortbow
 m - a +2 vorpal flail
 w - a +3 spear
 B - the +9 sling of Compulsion (weapon) {speed, rC+ MP+9}
   (You found it on level 6 of the Dungeon)

   Attacks with this weapon are significantly faster.
   rC:        It protects you from cold.
   MP:        It affects your magic capacity (+9).
Missiles
 s - 10 poisoned darts
Armour
 l - a scarf of invisibility (worn)
 p - a +2 robe of positive energy (worn)
 r - a +2 pair of gloves (worn)
 u - an orb of energy
 v - an orb of mayhem
 x - a +5 ring mail of cold resistance
 y - a +0 helmet (worn)
Jewellery
 A - a +6 ring of intelligence (left hand)
 E - a ring of fire
 H - a ring of magical power (right hand)
Wands
 D - a wand of paralysis (9) (quivered)
 J - a wand of digging (5)
Scrolls
 c - a scroll of summoning {unknown}
 e - 3 scrolls of teleportation
 h - 2 scrolls of poison {unknown}
 k - a scroll of butterflies {unknown}
 n - 2 scrolls of noise {unknown}
 t - a scroll of fear {unknown}
 z - a scroll of amnesia {unknown}
 C - a scroll of enchant armour
Potions
 b - a potion of berserk rage {unknown}
 d - a potion of attraction {unknown}
 f - a potion of magic {unknown}
 g - a potion of cancellation {unknown}
 i - 2 potions of invisibility {unknown}
 j - 2 potions of might
 o - 6 potions of brilliance
 q - 2 potions of flight
 F - a potion of degeneration {unknown}
 G - a potion of haste
 I - a potion of curing


   Skills:
 + Level 5.4 Fighting
 * Level 10.8 Ranged Weapons
 + Level 3.0 Armour
 + Level 4.1 Dodging
 + Level 3.6 Stealth


You had 6 spell levels left.
You knew the following spells:

 Your Spells              Type           Power      Damage    Failure   Level
a - Ensorcelled Hibernat  Hex/Ice        0%         N/A       26%         2

Your spell library contained the following spells:

 Spells                   Type           Power      Damage    Failure   Level
 Magic Dart               Conj           0%         1d3       19%         1
 Call Imp                 Summ           0%         N/A       26%         2
 Conjure Flame            Conj/Fire      0%         6-21      47%         3
 Ignite Poison            Fire/Tmut/Pois 0%         N/A       47%         3
 Mephitic Cloud           Conj/Pois/Air  0%         N/A       47%         3
 Ozocubu's Armour         Ice            0%         N/A       47%         3
 Fulminant Prism          Conj/Hex       0%         3d6       87%         4
 Hailstorm                Conj/Ice       0%         3d3       87%         4
 Sticky Flame             Conj/Fire      0%         2d3       87%         4
 Ozocubu's Refrigeration  Ice            0%         4d7       100%        7


Dungeon Overview and Level Annotations

Branches:
Dungeon (7/15)             Temple (1/1) D:6

Altars:
Ashenzari
Cheibriados
Dithmenos
Fedhas
Gozag
Kikubaaqudgha
Makhleb
Nemelex Xobeh
Okawaru
Qazlal
Ru
Sif Muna
Trog
Uskayaw
Vehumet
Wu Jian
Xom
Yredelemnul

Shops:
D:5 ?


Innate Abilities, Weirdness & Mutations

You are partially covered in icy blue scales. (AC +2)
You regenerate a lot of health from kills.
Your touch may inflict irresistible damage on your foes.
Your mind is acute. (Int +4, Str/Dex -1)


Message History

The two-headed ogre is severely wounded.
You shoot a sling bullet.
The sling bullet hits the two-headed ogre!
The two-headed ogre is severely wounded.
The two-headed ogre hits you with a +0 giant club!!
* * * LOW HITPOINT WARNING * * *
The two-headed ogre hits you with a +0 giant club!
* * * LOW HITPOINT WARNING * * *
Okay, then.
Okay, then.
Your movement speed is average.
Your attack delay is about 0.5.
Your base attributes are Str 12, Int 11, Dex 20.
Unknown command.
Fire: B) +9 sling of Compulsion {speed, rC+ MP+9}
Press: ? - help, Shift-Dir - straight line, p - two-headed ogre You can't see that place.
Okay, then.
Aiming: Paralyse
Press: ? - help, Q - select action, (/) - cycle Shift-Dir - straight line, f/p - two-headed ogre
Aim: a two-headed ogre, wielding two +0 giant clubs (severely wounded, chance to affect: 31%)
Okay, then.
Aiming: Paralyse
Press: ? - help, Q - select action, (/) - cycle Shift-Dir - straight line, f/p - two-headed ogre
Aim: a two-headed ogre, wielding two +0 giant clubs (severely wounded, chance to affect: 31%)
Okay, then.
Fire: B) +9 sling of Compulsion {speed, rC+ MP+9}
Press: ? - help, Shift-Dir - straight line, f/p - two-headed ogre
Aim: a two-headed ogre, wielding two +0 giant clubs (severely wounded, 83% to hit)
You shoot a sling bullet.
The sling bullet barely misses the two-headed ogre.
Things that are here:
a +0 battleaxe; a +0 robe
There is an open door here.
Things that are here:
a +0 dagger; a +0 chain mail The two-headed ogre attacks as you move away!
The two-headed ogre barely misses you.
The two-headed ogre hits you with a +0 giant club!
You die...
Your body crumbles into a pile of gold.

#)#..#######..#
#)#..#.....#..#
#)#.#.......#.#
#.#..#.....#..#
#.#..#######..#
#.##..#.#.#..##
#..##.......##
##..##.....##
##..###@###
########.###O..#
.........##..#.# $ $
.#######.#..#..#
####.#.#..## #.
#....#...## $
##..####.#..###'#
.[..........##.....#
.#.#.......##.$###..#


You could see a two-headed ogre.

Vanquished Creatures
  A troll (D:7)
  Sigmund (D:4)
  A wyvern (D:5)
  Eustachio (D:4)
  Edmund (D:4)
  3 water moccasins
  An orc warrior (D:7)
  2 sky beasts
  2 ice beasts (D:7)
  2 ogres
  A black bear (D:4)
  A centaur (D:5)
  2 phantoms
  A necrophage (D:7)
  4 scorpions
  8 wights
  4 orc priests
  2 jellies
  Ijyb (D:5)
  2 iguanas (D:7)
  Jessica (D:3)
  4 orc wizards
  3 gnolls
  9 adders
  2 white imps (D:7)
  4 worms
  4 dart slugs
  14 orcs
  8 endoplasms
  4 giant cockroaches
  5 goblins
  5 hobgoblins
  6 jackals (D:2)
  6 kobolds
  2 quokkas
  14 ball pythons
  5 bats
  2 frilled lizards
  10 rats
149 creatures vanquished.

Vanquished Creatures (others)
  2 plants (D:4)
2 creatures vanquished.

Grand Total: 151 creatures vanquished

Notes
Turn   | Place    | Note
-------+----------+-------------------------------------------
     0 | D:1      | purpskrrrp the Demonspawn Hunter began the quest for the
                  | Orb.
     0 | D:1      | Reached XP level 1. HP: 16/16 MP: 1/1
   132 | D:1      | Reached skill level 4 in Ranged Weapons
   158 | D:1      | Gained mutation: You are partially covered in icy blue
                  | scales. (AC +2) [demonic ancestry]
   158 | D:1      | Reached XP level 2. HP: 22/22 MP: 2/2
   549 | D:1      | Reached XP level 3. HP: 27/27 MP: 3/3
  1686 | D:2      | Reached skill level 5 in Ranged Weapons
  1794 | D:3      | Noticed Jessica
  1800 | D:3      | Killed Jessica
  1801 | D:3      | Gained mutation: Your touch may inflict minor irresistible
                  | damage on your foes. [demonic ancestry]
  1801 | D:3      | Reached XP level 4. HP: 33/33 MP: 4/4
  1826 | D:3      | Found a faded altar of an unknown god.
  2674 | D:4      | Reached XP level 5. HP: 36/38 MP: 5/5
  2674 | D:4      | Gained mutation: Your mind is acute. (Int +4, Str/Dex -1)
                  | [potion of mutation]
  2698 | D:4      | Got the Almanac of the Forgotten Spirits
  2725 | D:4      | Reached skill level 6 in Ranged Weapons
  2873 | D:4      | Noticed a phantom
  2893 | D:4      | Killed a phantom
  2894 | D:4      | Gained mutation: You regenerate a little health from kills.
                  | [demonic ancestry]
  2894 | D:4      | Reached XP level 6. HP: 39/44 MP: 6/6
  2984 | D:4      | Reached skill level 7 in Ranged Weapons
  3166 | D:4      | Noticed Sigmund
  3170 | D:4      | Noticed Edmund
  3303 | D:4      | Noticed a water moccasin
  3325 | D:4      | Killed a water moccasin
  3568 | D:4      | Learned a level 2 spell: Ensorcelled Hibernation
  3591 | D:4      | Found a basalt altar of Yredelemnul.
  3594 | D:4      | Found a shimmering blue altar of Sif Muna.
  3610 | D:4      | Found a bloodstained altar of Trog.
  3616 | D:4      | Found a sacrificial altar of Ru.
  3627 | D:4      | Reached skill level 1 in Stealth
  3627 | D:4      | Gained mutation: You regenerate health from kills. [demonic
                  | ancestry]
  3627 | D:4      | Reached XP level 7. HP: 51/51 MP: 7/7
  3634 | D:4      | Killed Sigmund
  3635 | D:4      | Reached skill level 8 in Ranged Weapons
  3687 | D:4      | Found a hide-covered altar of Uskayaw.
  3689 | D:4      | Found a snail-covered altar of Cheibriados.
  3795 | D:4      | Killed Edmund
  4282 | D:5      | Entered Level 5 of the Dungeon
  4299 | D:5      | Found Koliut Zuosk's Magic Scroll Boutique.
  4308 | D:5      | Bought a scroll of enchant armour for 75 gold pieces
  4339 | D:5      | Gained mutation: You regenerate a lot of health from kills.
                  | [demonic ancestry]
  4339 | D:5      | Reached XP level 8. HP: 42/58 MP: 8/8
  4444 | D:5      | Found a radiant altar of Vehumet.
  4472 | D:5      | Reached skill level 9 in Ranged Weapons
  4722 | D:5      | Noticed Eustachio
  4999 | D:4      | Killed Eustachio
  5063 | D:5      | Noticed Ijyb
  5266 | D:5      | Killed Ijyb
  5945 | D:5      | Reached skill level 10 in Ranged Weapons
  5945 | D:5      | Reached skill level 1 in Armour
  5990 | D:6      | Gained mutation: Your touch may inflict irresistible damage
                  | on your foes. [demonic ancestry]
  5990 | D:6      | Reached XP level 9. HP: 66/66 MP: 9/9
  5995 | D:6      | Identified the +9 sling of Compulsion {speed, rC+ MP+9}
  6495 | D:6      | Found a staircase to the Ecumenical Temple.
  6504 | Temple   | Entered the Ecumenical Temple
  6540 | Temple   | Became a worshipper of Gozag Ym Sagoz the Greedy
  6703 | D:7      | Noticed a troll
  6717 | D:7      | Killed a troll
  6793 | D:7      | Reached skill level 5 in Fighting
  7259 | D:7      | Noticed a two-headed ogre
  7269 | D:7      | HP: 3/68 [two-headed ogre/+0 giant club (16)]
  7277 | D:7      | Mangled by a two-headed ogre

Illustrated notes

Levels and vault maps discovered:
D:1:      evilmike_arrival_fibonacci_small, layout_basic,
          minmay_indecisive_spiral
D:2:      layout_basic
D:3:      layout_basic, hellmonk_ecumenical_altar_heavens_door,
          minmay_misc_feat_chi, uniq_jessica
D:4:      layout_loops_cross, nicolae_overflow_hallway_of_the_gods,
          sigmund_edmund_badplayer
D:5:      layout_cave_pools, nicolae_vehumet_radiance, serial_shops,
          shop_scrolls, uniq_eustachio, uniq_ijyb
D:6:      layout_cave_pools, lemuel_temple_firewalk_b, serial_glass,
          glass_columns_a, glass_columns_a, glass_columns_b, glass_columns_a
D:7:      minmay_the_grid_octo_tiled_octocenter [minmay_the_grid_octo_chip,
          minmay_the_grid_octo_77, minmay_the_grid_octo_horde,
          minmay_the_grid_octo_checkerflower, minmay_the_grid_octo_prize_big_c,
          minmay_the_grid_square_5x5_hollow_slash,
          minmay_the_grid_square_5x5_shrine1, minmay_the_grid_square_5x5_empty,
          minmay_the_grid_square_5x5_pentomino_r], layout_loops_ring,
          nicolae_hepliaklqana_monster_ancestors
Temple:   dshaligram_water_room_temple

Skill      XL: |  1  2  3  4  5  6  7  8  9 |
---------------+----------------------------+-----
Ranged Weapons | 4 5 6 7 8 10 | 10.8
Dodging        | 2 3 4 |  4.1
Stealth        | 1 2 3 |  3.6
Fighting       | 3 4 5 |  5.4
Armour         | 1 3 |  3.0

Action                   |  1- 3 |  4- 6 |  7- 9 || total
-------------------------+-------+-------+-------++-------
 Fire: Shortbow          |   121 |   152 |   209 ||   482
       Sling             |       |       |   168 ||   168
 Abil: Evoke Invisibilit |       |     2 |       ||     2
Evoke: Wand              |       |     6 |    14 ||    20
  Use: Scroll            |     2 |     8 |     6 ||    16
       Potion            |       |     4 |     1 ||     5
Armor: Leather armour    |    12 |       |       ||    12
       Robe              |     1 |    31 |    41 ||    73
       Ring mail         |       |       |    52 ||    52
Dodge: Dodged            |    33 |    50 |   101 ||   184

Table legend: (Time is in decaauts)
 A = Elapsed time spent in this place.
 B = Non-inter-level travel time spent in this place.
 C = Inter-level travel time spent in this place.
 D = Time resting spent in this place.
 E = Time spent auto-exploring this place.
 F = Levels seen in this place.
 G = Mean time per level.
                   A        B        C        D        E       F      G
               +--------+--------+--------+--------+--------+-----+--------+
         Total |   7273 |   7122 |    151 |   1397 |   3745 |   8 |  909.1 |
       Dungeon |   7165 |   7014 |    151 |   1397 |   3724 |   7 | 1023.6 |
        Temple |    108 |    108 |      0 |      0 |     21 |   1 |  108.0 |
               +--------+--------+--------+--------+--------+-----+--------+

Top non-repeatable levels by time:
     D:4: 2117 daAuts
     D:5: 1235 daAuts
     D:2: 1009 daAuts
     D:3: 886 daAuts
     D:1: 747 daAuts
     D:6: 613 daAuts
     D:7: 556 daAuts
  Temple: 108 daAuts
